 Dungeon Crawl Stone Soup version 0.29.0-4-gdea44cf6ec (webtiles) character file.

Game seed: 7161389691134048354

21 qw the Firebug (level 2, -3/23 HPs)
             Began as a Ghoul Fire Elementalist on Aug 29, 2022.
             Slain by Sigmund
             ... wielding a +0 scythe
              (6 damage)
             ... on level 2 of the Dungeon.
             The game lasted 00:01:04 (1434 turns).

qw the Firebug (Ghoul Fire Elementalist)            Turns: 1434, Time: 00:01:04

Health: -3/23      AC:  5    Str: 11    XL:     2   Next: 83%
Magic:  12/12      EV: 10    Int: 10    God:
Gold:   102        SH:  0    Dex:  4    Spells: 3/4 levels left

rFire   + . .      SeeInvis +     - Unarmed
rCold   + . .      Faith    .   (no shield)
rNeg    + + +      Spirit   .   g - +0 ring mail
rPois   inf        Reflect  .   (no helmet)
rElec   .          Harm     .   (no cloak)
rCorr   +          Rampage  .   (no gloves)
Will    .....                   (no boots)
Stlth   +.........              d - amulet of the acrobat
HPRegen 0.00/turn               a - ring "Sifeesyjepp" {rF+ rCorr MP+9 Dex-5 SInv}
MPRegen 0.13/turn               (no ring)

@: inhibited regen
A: claws 1, cold resistance 1, negative energy resistance 3, inhibited
regeneration, torment resistance 2, devour on kill
a: no special abilities


You were on level 2 of the Dungeon.
You visited 1 branch of the dungeon, and saw 2 of its levels.

You collected 102 gold pieces.


Innate Abilities, Weirdness & Mutations

You are immune to poison.
You have sharp fingernails.
Your flesh is cold resistant. (rC+)
You are immune to negative energy. (rN+++)
You do not regenerate when monsters are visible.
You are immune to unholy pain and torment.
You thrive by killing the living.


   Skills:
 - Level 1.2 Fighting
 - Level 1.7 Dodging
 - Level 2.1 Stealth
 + Level 2.1 Unarmed Combat
 - Level 1.7 Spellcasting
 - Level 0.7 Conjurations
 - Level 2.4 Fire Magic


You had 3 spell levels left.
You knew the following spells:

 Your Spells              Type           Power      Damage    Failure   Level
a - Foxfire               Conj/Fire      16%        2x1d4     38%         1

Your spell library contained the following spells:

 Spells                   Type           Power      Damage    Failure   Level
 Scorch                   Fire           10%        2d6       41%         2
 Conjure Flame            Conj/Fire      4%         6-21      77%         3
 Inner Flame              Hex/Fire       3%         N/A       82%         3
 Flame Wave               Conj/Fire      4%         2d5       99%         4

Inventory:

Armour
 g - a +0 ring mail (worn)
Jewellery
 a - the ring "Sifeesyjepp" (left claw) {rF+ rCorr MP+9 Dex-5 SInv}
   (You acquired it on level 1 of the Dungeon)

   [ring of magical power]

   Dex:       It affects your dexterity (-5).
   rF:        It protects you from fire.
   MP:        It affects your magic capacity (+9).
   SInv:      It lets you see invisible.
   rCorr:     It protects you from acid and corrosion.
 d - an amulet of the acrobat (around neck)

Dungeon Overview and Level Annotations

Branches:
Dungeon (2/15)

Altars:

Annotations:
D:2 Sigmund


Message History

Sigmund is lightly wounded.
Sigmund hits you with a +0 scythe.
You scratch Sigmund.
Sigmund is moderately wounded.
Sigmund screams, "Don't try to resist!"
Sigmund hits you with a +0 scythe!
You completely miss Sigmund.
Sigmund is moderately wounded.
You scratch Sigmund but do no damage.
Sigmund is moderately wounded.
Sigmund points at you and mumbles some strange words.
You resist with significant effort.
You scratch Sigmund but do no damage.
Sigmund is moderately wounded.
Sigmund casts a spell.
Sigmund flickers and vanishes for a moment.
You scratch Sigmund.
Sigmund is moderately wounded.
Sigmund barely misses you.
You scratch Sigmund.
Sigmund is heavily wounded.
Sigmund screams, "I am the angel of ZOT!!!"
Sigmund barely misses you.
You scratch Sigmund.
Sigmund is heavily wounded.
You closely miss Sigmund.
Sigmund is heavily wounded.
Sigmund hits you with a +0 scythe!
You scratch Sigmund.
Sigmund is severely wounded.
Sigmund hits you but does no damage.
You scratch Sigmund.
Sigmund is almost dead.
You completely miss Sigmund.
Sigmund is almost dead.
Sigmund barely misses you.
You closely miss Sigmund.
Sigmund is almost dead.
Sigmund hits you with a +0 scythe.
You die...

#. .. #. #. #.
#### #.#$..
#### #.@.#####.
.....#.@.......
...............
######.<######.
#..# ....#
#...## #...
#... #...


You could see Sigmund (invisible).

Vanquished Creatures
  2 endoplasms (D:1)
  A giant cockroach (D:1)
  2 goblins (D:1)
  4 hobgoblins (D:1)
  2 quokkas (D:1)
  2 ball pythons (D:1)
  2 bats (D:1)
  A kobold (D:1)
  A rat (D:1)
17 creatures vanquished.

Notes
Turn   | Place    | Note
-------+----------+-------------------------------------------
     0 | D:1      | qw the Ghoul Fire Elementalist began the quest for the Orb.
     0 | D:1      | Reached XP level 1. HP: 14/14 MP: 2/2
     0 | D:1      | 0 ||| qw: Version: 0.1-a-90-g952f4b7
     0 | D:1      | 0 ||| qw: Game counter: 3833
     0 | D:1      | 0 ||| qw: Always use a shield: true
     0 | D:1      | 0 ||| qw: God list: Okawaru
     0 | D:1      | 0 ||| qw: Allow faded altars: false
     0 | D:1      | 0 ||| qw: Do Orc after D:15 true
     0 | D:1      | 0 ||| qw: Do second Lair branch before Depths: true
     0 | D:1      | 0 ||| qw: Lair rune preference: random
     0 | D:1      | 0 ||| qw: Plans: Normal
     0 | D:1      | 0 ||| PLANNING D:1-11
    40 | D:1      | HP: 3/14 [quokka (1)]
   347 | D:1      | Reached skill level 1 in Unarmed Combat
   366 | D:1      | Found a faded altar of an unknown god.
   654 | D:1      | Reached skill level 1 in Fighting
   654 | D:1      | Reached XP level 2. HP: 23/23 MP: 3/3
  1311 | D:1      | 1311 ||| UPGRADING to +0 ring mail.
  1321 | D:1      | 1321 ||| DROPPING +0 robe.
  1322 | D:1      | 1322 ||| UPGRADING to amulet of the acrobat.
  1327 | D:1      | 1327 ||| READING scroll labelled BOFUICALEPA.
  1330 | D:1      | 1330 ||| READING 2 scrolls labelled QOUWNE GICZIX.
  1331 | D:1      | 1331 ||| READING scroll labelled SYUDO ZAALI.
  1332 | D:1      | 1332 ||| READING scroll labelled ANIYMEORPH.
  1333 | D:1      | 1333 ||| READING scroll labelled XESYC RANNUOCO.
  1333 | D:1      | Identified a scroll of acquirement
  1333 | D:1      | 1333 ||| ACQUIRING ring "Sifeesyjepp" {rF+ rCorr MP+9 Dex-5
                  | SInv}
  1333 | D:1      | Acquired the ring "Sifeesyjepp" {rF+ rCorr MP+9 Dex-5 SInv}
  1335 | D:1      | 1335 ||| UPGRADING to ring "Sifeesyjepp" {rF+ rCorr MP+9
                  | Dex-5 SInv}.
  1405 | D:1      | 1405 ||| DROPPING potion of magic.
  1406 | D:1      | 1406 ||| DROPPING scroll of amnesia.
  1416 | D:2      | Noticed Sigmund
  1430 | D:2      | HP: 3/23 [Sigmund/+0 scythe (8)]
  1434 | D:2      | Slain by Sigmund

Levels and vault maps discovered:
D:1:      mushboom_english_gardens, layout_basic,
          dreamdust_ecumenical_altar_statues, kennysheep_decorative_pillar,
          minmay_shallow_snake_nest
D:2:      layout_rooms, serial_rivers, chequers_serial_rivers_micro_d,
          chequers_serial_rivers_large_a, chequers_serial_rivers_room_a,
          chequers_serial_rivers_micro_d, uniq_sigmund, uniq_robin

Skill      XL: |  1  2 |
---------------+-------+-----
Unarmed Combat | 1 2 |  2.1
Fighting       | 1 |  1.2
Dodging        | |  1.7
Stealth        | |  2.1
Spellcasting   | |  1.7
Conjurations   | |  0.7
Fire Magic     | |  2.4

Action                   || total
-------------------------++-------
Melee: Unarmed           ||    92
       Punch             ||     2
  Use: Scroll            ||     5
Armor: Robe              ||     8
       Ring mail         ||     1
Dodge: Dodged            ||    50

Table legend:
 A = Non-vault XP
 B = Vault XP
 C = Vault XP percentage of total XP
 D = Non-vault monster count
 E = Vault monster count
 F = Vault count percentage of total count
                 A         B        C        D         E       F
            +---------+---------+-------+---------+---------+-------
      Total |      28 |       2 |   6.7 |      16 |       1 |   5.9
            +---------+---------+-------+---------+---------+-------
        D:1 |      28 |       2 |   6.7 |      16 |       1 |   5.9
            +---------+---------+-------+---------+---------+-------
